 Dungeon Crawl Stone Soup version 0.28-a0-1506-g3893175d92 (webtiles) character file.

Game seed: 6101014015852617597

133 bande the Covered (level 5, -1/33 HPs)
             Began as a Gargoyle Fighter on Jan 14, 2022.
             Killed by divine providence
             ... invoked by an orc priest
              (12 damage)
             ... on level 4 of the Dungeon.
             The game lasted 00:06:50 (4571 turns).

bande the Covered (Gargoyle Fighter)                Turns: 4571, Time: 00:06:50

Health: -1/33      AC: 16    Str: 20    XL:     5   Next: 16%
Magic:  5/5        EV:  9    Int:  8    God:
Gold:   75         SH:  4    Dex: 11    Spells: 4/4 levels left

rFire   . . .      SeeInvis .   a - +0 war axe
rCold   . . .      Faith    .   c - +0 buckler
rNeg    + . .      Spirit   .   b - +0 scale mail
rPois   ∞          Reflect  .   (no helmet)
rElec   +          Harm     .   e - +1 cloak
rCorr   .          Rampage  .   r - +1 pair of gloves
Will    .....                   g - +0 pair of boots
Stlth   ..........              (no amulet)
HPRegen 0.11/turn               (no ring)
MPRegen 0.09/turn               (no ring)

@: no status effects
A: sickness immunity, AC +4, negative energy resistance 1, electricity
resistance, torment resistance 1, petrification resistance
a: no special abilities


You were on level 4 of the Dungeon.
You visited 1 branch of the dungeon, and saw 4 of its levels.

You collected 75 gold pieces.

Inventory:

Hand Weapons
 a - a +0 war axe (weapon)
 l - a +0 flail
 n - a +0 war axe
Missiles
 o - a throwing net (quivered)
Armour
 b - a +0 scale mail (worn)
 c - a +0 buckler (worn)
 e - a +1 cloak (worn)
 g - a +0 pair of boots (worn)
 r - a +1 pair of gloves (worn)
Jewellery
 f - an amulet of the acrobat
 h - a ring of wizardry
 k - a ring of protection from cold
Potions
 d - a potion of might
 i - a potion of magic
 j - a potion of flight


   Skills:
 + Level 3.9 Fighting
 + Level 3.3 Axes
 + Level 4.1 Armour
 - Level 0.2 Stealth
 + Level 3.8 Shields


You had 4 spell levels left.
You didn't know any spells.
Your spell library contained the following spells:

 Spells                   Type           Power      Damage    Failure   Level
 Blink                    Tloc           0%         N/A       94%         2
 Confusing Touch          Hex            0%         N/A       99%         3
 Lesser Beckoning         Tloc           0%         N/A       99%         3
 Manifold Assault         Tloc           0%         N/A       100%        5
 Yara's Violent Unravell  Hex/Tmut       0%         3d3       100%        5
 Enfeeble                 Hex            0%         N/A       100%        7


Dungeon Overview and Level Annotations

Branches:
Dungeon (4/15)
 Temple: D:4-7

Altars:
Zin

Shops:
D:3 [


Innate Abilities, Weirdness & Mutations

You are immune to sickness and miasma.
Your stone body is resilient. (AC +4)
You are immune to poison.
You resist negative energy. (rN+)
You are resistant to electric shocks. (rElec)
You are resistant to unholy torment.
You are immune to petrification.


Message History

The orc priest hits you but does no damage.
You climb upwards.
There is a stone staircase leading down here.
You climb downwards.
The orc priest hits you from afar with a +0 trident.
There is a stone staircase leading up here.
The orc priest calls down the wrath of Beogh upon you.
You barely resist.
You climb upwards.
There is a stone staircase leading down here.
You start resting.
HP restored.
You climb downwards.
The orc priest miscasts a cantrip.
The orc priest invokes the aid of Beogh against you.
Beogh smites you!
There is a stone staircase leading up here.
You climb upwards.
There is a stone staircase leading down here.
You start resting.
HP restored.
You start waiting.
Done waiting.
You climb downwards.
The orc priest calls down the wrath of Beogh upon you.
Beogh smites you!
The orc priest hits you from afar with a +0 trident.
There is a stone staircase leading up here.
The orc priest barely misses you.
You hit the orc priest but do no damage.
The orc priest hits you but does no damage.
You barely miss the orc priest.
The orc priest hits you with a +0 trident.
The orc priest calls down the wrath of Beogh upon you.
You barely resist. You barely miss the orc priest.
The orc priest hits you but does no damage.
The orc priest calls down the wrath of Beogh upon you.
Beogh smites you!
You die...

...#...# ...#...#
......# .....
#...# #...# ##.
#...# ....##.@.###
...........#
.......o...######.
.....o............
......#...)÷......
......##..........
..................
.....
..............##.(
.....
..............# '
##...


You could see 2 orc priests.

Vanquished Creatures
  4 gnolls
  2 adders (D:2)
  An adder skeleton (D:4)
  2 dart slugs
  An orc (D:4)
  7 ball pythons
  6 bats
  7 endoplasms
  3 giant cockroaches
  2 goblins
  7 hobgoblins
  12 jackals
  2 kobolds
  A quokka (D:2)
  3 frilled lizards
  3 rats
63 creatures vanquished.

Notes
Turn   | Place    | Note
-------+----------+-------------------------------------------
     0 | D:1      | bande the Gargoyle Fighter began the quest for the Orb.
     0 | D:1      | Reached XP level 1. HP: 14/14 MP: 1/1
   199 | D:1      | Reached XP level 2. HP: 19/19 MP: 2/2
   461 | D:1      | Reached XP level 3. HP: 20/23 MP: 3/3
  1554 | D:2      | Reached XP level 4. HP: 28/29 MP: 4/4
  1745 | D:2      | Found a faded altar of an unknown god.
  1973 | D:3      | Found Terust's Antique Armour Emporium.
  2131 | D:3      | Found a glowing silver altar of Zin.
  3238 | D:3      | Reached skill level 4 in Armour
  3238 | D:3      | Reached XP level 5. HP: 27/33 MP: 5/5
  4571 | D:4      | Killed from afar by an orc priest

Illustrated notes

Levels and vault maps discovered:
D:1:      scummos_arrival_forest, layout_loops_corners
D:2:      layout_basic, shapermc_ecumenical_altar_petra
D:3:      layout_basic, mainiacjoe_overflow_small_starburst, serial_shops,
          nicolae_shop_hallway_stairs
D:4:      layout_basic, kennysheep_generic_room_10, uniq_menkaure, uniq_edmund

Skill      XL: |  1  2  3  4 |
---------------+-------------+-----
Axes           | 2 3 |  3.3
Armour         | 4 |  4.1
Fighting       | |  3.9
Stealth        | |  0.2
Shields        | |  3.8

Action                   |  1- 3 |  4- 6 || total
-------------------------+-------+-------++-------
Melee: War axe           |    95 |    79 ||   174
  Use: Scroll            |     6 |     2 ||     8
       Potion            |       |     2 ||     2
Armor: Scale mail        |    68 |    58 ||   126
Dodge: Dodged            |    56 |    52 ||   108
Block: Buckler           |    28 |    27 ||    55

Table legend: (Time is in decaauts)
 A = Elapsed time spent in this place.
 B = Non-inter-level travel time spent in this place.
 C = Inter-level travel time spent in this place.
 D = Time resting spent in this place.
 E = Time spent auto-exploring this place.
 F = Levels seen in this place.
 G = Mean time per level.
                   A        B        C        D        E       F      G
               +--------+--------+--------+--------+--------+-----+--------+
         Total |   4656 |   4635 |     21 |   1680 |   2307 |   4 | 1164.0 |
       Dungeon |   4656 |   4635 |     21 |   1680 |   2307 |   4 | 1164.0 |
               +--------+--------+--------+--------+--------+-----+--------+

Top non-repeatable levels by time:
     D:3: 1492 daAuts
     D:4: 1201 daAuts
     D:2: 1018 daAuts
     D:1: 945 daAuts
